 Dungeon Crawl Stone Soup version 0.20-a0-1078-g4874019 (webtiles) character file.

1122 Patate the Fighter (level 8, 0/75 HPs)
             Began as a Minotaur Fighter on Apr 30, 2017.
             Was an Initiate of Okawaru.
             Killed by divine providence
             ... invoked by an orc priest
              (12 damage)
             ... on level 5 of the Dungeon.
             The game lasted 00:13:04 (4110 turns).

Patate the Fighter (Minotaur Fighter)               Turns: 4110, Time: 00:13:05

Health: 0/75       AC: 10    Str: 22    XL:     8   Next: 12%
Magic:  7/7        EV:  9    Int:  5    God:    Okawaru [......]
Gold:   310        SH:  9    Dex: 11    Spells: 7/7 levels left

rFire    . . .     SeeInvis .   a - +0 war axe
rCold    + . .     Gourm    .   c - +0 shield
rNeg     . . .     Faith    .   b - +0 scale mail
rPois    .         Spirit   .   (helmet restricted)
rElec    .         Reflect  .   u - scarf {rC+}
rCorr    .         Harm     .   (no gloves)
MR       .....                  (no boots)
Stlth    ..........             (no amulet)
Regen    0.3/turn               o - +4 ring of protection
MPRegen  0.1/turn               (no ring)

@: no status effects
A: retaliatory headbutt, horns 2
a: Renounce Religion


You were on level 5 of the Dungeon.
You worshipped Okawaru.
Okawaru was noncommittal.
You were hungry.

You visited 2 branches of the dungeon, and saw 6 of its levels.

You collected 310 gold pieces.

Inventory:

Hand Weapons
 a - a +0 war axe (weapon)
Armour
 b - a +0 scale mail (worn)
 c - a +0 shield (worn)
 u - a scarf of cold resistance (worn)
Jewellery
 o - a +4 ring of protection (left hand)
Scrolls
 g - a scroll of identify
 h - a scroll of amnesia {unknown}
 i - 3 scrolls of remove curse {unknown}
 j - 2 scrolls of enchant weapon {unknown}
 k - a scroll of recharging {unknown}
 m - a scroll of immolation {unknown}
 t - a scroll of random uselessness {unknown}
Potions
 d - a potion of might
 e - a potion of haste
 l - 2 potions of heal wounds
 p - 3 potions of curing
 q - a potion of berserk rage
 s - a potion of brilliance
 v - a potion of degeneration {unknown}
Comestibles
 f - a bread ration
 n - a fruit
 r - 3 meat rations


   Skills:
 * Level 8.6 Fighting
 + Level 7.9 Axes
 - Level 3.6 Armour
 - Level 3.1 Dodging
 - Level 0.3 Stealth
 - Level 3.6 Shields


You had 7 spell levels left.
You didn't know any spells.

Dungeon Overview and Level Annotations

Branches:
Dungeon (5/15)             Temple (1/1) D:4

Altars:
Ashenzari
Cheibriados
Dithmenos
Elyvilon
Gozag
Hepliaklqana
Kikubaaqudgha
Makhleb
Nemelex Xobeh
Okawaru
Ru
Sif Muna
Trog
Vehumet
Wu Jian
Xom
Yredelemnul
Zin
The Shining One

Shops:
D:4 [

Annotations:
D:5 Eustachio


Innate Abilities, Weirdness & Mutations

You reflexively headbutt those who attack you in melee.
You have a pair of horns on your head.


Message History

Eustachio the Magnificent comes into view.
He is wielding a falchion of holy wrath.
Your shield and scale mail prevent you from hitting the orc.
You headbutt the orc.
You kill the orc!
Okawaru accepts your kill.
Eustachio gestures wildly while chanting.
Eustachio blinks!
The orc priest hits you from afar with a trident.
The orc priest begins to cast a cantrip, but forgets the words!
The orc priest mumbles some strange prayers to Beogh against you.
Beogh smites you!
* * * LOW HITPOINT WARNING * * *
The orc priest miscasts a cantrip.
The orc priest mumbles some strange prayers to Beogh against you.
Beogh smites you!
* * * LOW HITPOINT WARNING * * *
There is a stone staircase leading up here.
The orc priest calls down the wrath of Beogh upon you.
Beogh smites you!
You die...

##########
#...@....#
#........#
#........#
#........#
##..######
###.##
#####)o.#
#....o#.#
.o5o####?.#


You could see 2 orc priests.

Vanquished Creatures
  The ghost of Trigun the Slasher, an amateur VSMo of Makhleb (D:4)
  The ghost of AAAAA the Stinger, an amateur OpVM of Vehumet (D:3)
  2 ogres (D:4)
  A gnoll sergeant (D:3)
  An orc priest (D:3)
  A gnoll shaman (D:3)
  An iguana (D:3)
  A worker ant (D:4)
  35 gnolls (D:3)
  6 adders
  An ooze (D:2)
  6 worms
  A dart slug (D:2)
  4 leopard geckos
  5 orcs
  A ball python (D:1)
  5 bats
  A giant cockroach (D:2)
  3 goblins
  5 hobgoblins
  23 jackals
  6 kobolds
  3 quokkas
  3 frilled lizards
  7 rats
124 creatures vanquished.

Notes
Turn   | Place    | Note
-------+----------+-------------------------------------------
     0 | D:1      | Patate the Minotaur Fighter began the quest for the Orb.
     0 | D:1      | Reached XP level 1. HP: 19/19 MP: 0/0
    39 | D:1      | Reached skill level 4 in Fighting
   289 | D:1      | Reached XP level 2. HP: 27/27 MP: 1/1
  1026 | D:2      | Reached XP level 3. HP: 35/35 MP: 2/2
  1090 | D:2      | Reached skill level 5 in Fighting
  1155 | D:2      | Found a shimmering altar of Xom.
  1455 | D:2      | Reached skill level 1 in Dodging
  1619 | D:3      | Reached XP level 4. HP: 39/42 MP: 3/3
  1786 | D:3      | Reached XP level 5. HP: 50/50 MP: 4/4
  1891 | D:3      | Reached skill level 6 in Fighting
  2219 | D:3      | Reached skill level 5 in Axes
  2237 | D:3      | Reached XP level 6. HP: 53/57 MP: 5/5
  2248 | D:3      | Noticed AAAAA's ghost (amateur OpVM)
  2257 | D:3      | Killed AAAAA's ghost
  2529 | D:3      | Found a shattered altar of Ashenzari.
  2882 | D:3      | Reached XP level 7. HP: 40/64 MP: 6/6
  3045 | D:3      | Reached skill level 7 in Fighting
  3389 | D:4      | Found Gosin's Armour Shoppe.
  3532 | D:4      | Found a staircase to the Ecumenical Temple.
  3532 | D:4      | Noticed Trigun's ghost (amateur VSMo)
  3540 | D:4      | Killed Trigun's ghost
  3547 | Temple   | Entered the Ecumenical Temple
  3603 | Temple   | Became a worshipper of Warmaster Okawaru
  3743 | D:4      | Reached skill level 8 in Fighting
  3743 | D:4      | Reached XP level 8. HP: 40/74 MP: 7/7
  3919 | D:4      | Found a hazy altar of Hepliaklqana.
  3926 | D:5      | Entered Level 5 of the Dungeon
  4103 | D:5      | Noticed Eustachio
  4110 | D:5      | Killed from afar by an orc priest

Vault maps used:
D:1:      roderic_dead_forest
D:2:      overflow_temple_1_default
D:3:      lemuel_castle_with_subvaults, cheibrodos_ashenzari_chains
D:4:      nicolae_overflow_hidden_temple, minmay_temple_entry_statues_fountains,
          serial_shops, shop
D:5:      kennysheep_spiral_hall, first_bread, uniq_eustachio
Temple:   minmay_crystal_spiral_temple

Skill      XL: |  1  2  3  4  5  6  7 |
---------------+----------------------+-----
Fighting       | 4 5 6 8 |  8.6
Dodging        | 1 2 3 |  3.1
Axes           | 3 5 6 7 |  7.9
Armour         | |  3.6
Stealth        | |  0.3
Shields        | |  3.6

Action                   |  1- 3 |  4- 6 |  7- 9 || total
-------------------------+-------+-------+-------++-------
Melee: War axe           |    93 |   175 |    75 ||   343
       Headbutt          |     9 |    22 |    15 ||    46
  Use: Scroll            |       |     3 |     2 ||     5
  Eat: Chunk             |     2 |     4 |     4 ||    10
Armor: Scale mail        |    50 |    80 |    38 ||   168
Dodge: Dodged            |    36 |    59 |    23 ||   118
Block: Shield            |    55 |    93 |    20 ||   168
